 Dungeon Crawl Stone Soup version 0.25.1-2-g60ff931df9 (webtiles) character file.

Game seed: 12057456116094557840

3469 demenzo the Fighter (level 10, -2/169 HPs)
             Began as an Ogre Berserker on Oct 21, 2020.
             Was an Elder of Trog.
             Slain by Harold
             ... wielding a +0 dire flail
              (9 damage)
             ... on level 8 of the Dungeon.
             The game lasted 00:13:53 (10800 turns).

demenzo the Fighter (Ogre Berserker)               Turns: 10800, Time: 00:13:54

Health: -2/169     AC:  6    Str: 23    XL:     10   Next: 6%
Magic:  10/10      EV: 11    Int:  8    God:    Trog [****..]
Gold:   244        SH:  0    Dex: 17    Spells: 9/9 levels left

rFire    . . .     SeeInvis .   a - +1 whip (venom)
rCold    . . .     Gourm    .   (no shield)
rNeg     . . .     Faith    +   D - +0 steam dragon scales
rPois    .         Spirit   .   (helmet restricted)
rElec    .         Reflect  .   (no cloak)
rCorr    .         Harm     .   (gloves unavailable)
MR       ++++.                  (boots unavailable)
Stlth    ..........             y - amulet of faith
HPRegen  1.38/turn              o - ring of protection from magic
MPRegen  0.12/turn              j - +6 ring of dexterity

@: berserking (expiring), regenerating, very quick
A: large, unfitting armour, tough skin 1
a: Berserk, Trog's Hand, Brothers in Arms, Renounce Religion


You were on level 8 of the Dungeon.
You worshipped Trog.
Trog was greatly pleased with you.
You were very hungry.

You visited 1 branch of the dungeon, and saw 8 of its levels.

You collected 412 gold pieces.
You spent 168 gold pieces at shops.

Inventory:

Hand Weapons
 a - a +1 whip of venom (weapon)
 b - a +4 hunting sling
 n - a +0 shortbow
 r - a +0 giant club
 t - a +0 mace
Missiles
 h - 389 stones (quivered)
 k - 37 sling bullets
 q - 46 arrows
 x - 42 poisoned darts
 G - 4 boomerangs
Armour
 i - a +1 animal skin
 D - +0 steam dragon scales (worn)
Jewellery
 j - a +6 ring of dexterity (right hand)
 o - a ring of protection from magic (left hand)
 y - an amulet of faith (around neck)
Wands
 H - a wand of flame (17)
Scrolls
 e - 5 scrolls of remove curse
 u - 3 scrolls of teleportation
 v - 2 scrolls of magic mapping
 A - a scroll of blinking
 B - a scroll of enchant weapon {unknown}
 F - a scroll of immolation {unknown}
Potions
 d - a potion of resistance
 f - 5 potions of heal wounds
 g - a potion of might
 l - 5 potions of curing
 m - 4 potions of haste
 p - a potion of brilliance
 s - a potion of cancellation
 w - 2 potions of flight
 z - 2 potions of mutation {unknown}
 C - a potion of stabbing {unknown}
 E - a potion of lignification {unknown}
Comestibles
 c - 12 rations


   Skills:
 + Level 11.1 Fighting
 * Level 10.8 Maces & Flails
 - Level 2.6 Dodging


You had 9 spell levels left.
You didn't know any spells.
Your spell library was empty.

Dungeon Overview and Level Annotations

Branches:
Dungeon (8/15)             Temple (0/1) D:7
   Lair: D:8-11

Altars:
Cheibriados
Elyvilon
Makhleb
Qazlal
Ru
Sif Muna
Trog
Uskayaw
Wu Jian

Shops:
D:5 !

Annotations:
D:4 1 runed translucent door, axecop's ghost, amateur DsAK
D:8 exclusion: upstairs, Harold


Innate Abilities, Weirdness & Mutations

You are too large for most types of armour.
You have tough skin. (AC +1)


Message History

The orc hits you with a +0 trident.
* * * LOW HITPOINT WARNING * * *
You whack Harold!
Harold looks as sick as possible!
Harold is almost dead.
You are engulfed in blazing flames.
* * * LOW HITPOINT WARNING * * *
Harold hits you with a +0 dire flail.
* * * LOW HITPOINT WARNING * * *
The orc priest looks encouraged for a moment.
You hit Harold but do no damage.
Harold is almost dead.
You are engulfed in blazing flames.
* * * LOW HITPOINT WARNING * * *
Unknown command.
You whack Harold!
Harold is almost dead.
You are engulfed in blazing flames.
* * * LOW HITPOINT WARNING * * *
The orc closely misses you. Harold hits you with a +0 dire flail!
You die...

..................##.#####
.............#..#....#
........#...##..#.####
....##......##§§..#
..#....#....§§§§#####
....#........§§§§...####
...............§§.......
#...?........###§§......
............§§§§@@o.###.
##...#.......##§o#.%.≈..
............. ###..#...#
#...###...... .##.PP#
..... ....... .. .. ....
.)..... ≈.. . ..P. .##..


You could see Harold (extremely poisoned), an orc priest and an orc.

Vanquished Creatures
  Maurice (D:8)
  Maggie (D:6)
  Psyche (D:8)
  A wraith (D:8)
  Menkaure (D:4)
  An orc warrior (D:8)
  2 sky beasts
  2 black bears (D:6)
  3 ogres
  A phantom (D:7)
  2 centaurs
  A big kobold (D:7)
  2 bullfrogs (D:8)
  2 scorpions
  A water moccasin skeleton (D:4)
  2 crimson imps
  A quasit (D:6)
  A bullfrog zombie (D:7)
  2 jellies
  3 orc wizards
  8 orc priests
  A bullfrog skeleton (D:8)
  2 iguanas
  6 worker ants
  A hound zombie (D:8)
  15 adders
  A shadow imp (D:7)
  2 oozes
  3 adder skeletons
  A worm (D:2)
  3 dart slugs
  7 leopard geckos
  11 orcs
  3 giant cockroaches
  14 goblins
  6 hobgoblins
  17 jackals
  5 quokkas
  2 ball pythons (D:4)
  6 bats
  6 frilled lizards
  11 kobolds
  A leopard gecko skeleton (D:8)
  A leopard gecko zombie (D:5)
  10 rats
174 creatures vanquished.

Vanquished Creatures (others)
  An orc (D:8)
1 creature vanquished.

Grand Total: 175 creatures vanquished

Notes
Turn   | Place    | Note
-------+----------+-------------------------------------------
     0 | D:1      | demenzo the Ogre Berserker began the quest for the Orb.
     0 | D:1      | Reached XP level 1. HP: 24/24 MP: 1/1
    29 | D:1      | Reached XP level 2. HP: 6/32 MP: 2/2
  1176 | D:1      | Reached XP level 3. HP: 36/40 MP: 3/3
  1289 | D:1      | Reached ** piety under Trog
  1906 | D:2      | Reached XP level 4. HP: 49/49 MP: 4/4
  2075 | D:2      | Reached skill level 5 in Fighting
  2474 | D:2      | Reached XP level 5. HP: 57/57 MP: 5/5
  3833 | D:3      | Found a stormy altar of Qazlal.
  4125 | D:3      | Reached *** piety under Trog
  4320 | D:4      | Noticed Menkaure
  4333 | D:4      | Killed Menkaure
  4333 | D:4      | Reached skill level 6 in Fighting
  4333 | D:4      | Reached skill level 5 in Maces & Flails
  4333 | D:4      | Reached XP level 6. HP: 51/67 MP: 6/6
  5283 | D:4      | Found a runed translucent door.
  5283 | D:4      | Noticed axecop's ghost (amateur DsAK)
  5720 | D:4      | Reached XP level 7. HP: 22/76 MP: 7/7
  6073 | D:5      | Entered Level 5 of the Dungeon
  6132 | D:5      | Found a white marble altar of Elyvilon.
  6194 | D:5      | Found a sacrificial altar of Ru.
  6194 | D:5      | Found a bloodstained altar of Trog.
  6468 | D:5      | Noticed a +0 hand axe
  6468 | D:5      | Noticed a +0 hand axe
  6469 | D:5      | Found a hide-covered altar of Uskayaw.
  6493 | D:5      | Found a shimmering blue altar of Sif Muna.
  6569 | D:5      | Reached skill level 7 in Fighting
  7348 | D:5      | Found Esociju's Distillery.
  7352 | D:5      | Bought 2 potions of flight for 72 gold pieces
  7352 | D:5      | Bought a potion of degeneration for 12 gold pieces
  7352 | D:5      | Bought a potion of might for 48 gold pieces
  7352 | D:5      | Bought a potion of curing for 36 gold pieces
  7693 | D:6      | Found a sacrificial altar of Ru.
  7784 | D:6      | Found a sacrificial altar of Ru.
  7861 | D:6      | Reached XP level 8. HP: 88/88 MP: 8/8
  7883 | D:6      | Reached skill level 8 in Fighting
  8153 | D:6      | Reached **** piety under Trog
  8527 | D:6      | Found an ornate altar of the Wu Jian Council.
  8677 | D:6      | Noticed Maggie
  8699 | D:6      | Killed Maggie
  8699 | D:6      | Reached skill level 9 in Fighting
  8699 | D:6      | Reached XP level 9. HP: 100/100 MP: 9/9
  9104 | D:7      | Found a staircase to the Ecumenical Temple.
  9414 | D:7      | Found a snail-covered altar of Cheibriados.
  9610 | D:8      | Reached skill level 10 in Fighting
  9748 | D:8      | Noticed Psyche
 10044 | D:8      | Killed Psyche
 10044 | D:8      | Reached skill level 10 in Maces & Flails
 10213 | D:7      | Noticed a rust devil
 10213 | D:7      | Noticed a rust devil
 10437 | D:8      | Found a burning altar of Makhleb.
 10522 | D:8      | Noticed Maurice
 10549 | D:8      | Killed Maurice
 10549 | D:8      | Reached skill level 11 in Fighting
 10549 | D:8      | Reached XP level 10. HP: 98/113 MP: 10/10
 10768 | D:8      | Noticed Harold
 10800 | D:8      | HP: 6/169 [Harold] (8)]
 10800 | D:8      | Slain by Harold

Illustrated notes

Levels and vault maps discovered:
D:1:      dpeg_arrival_refuge, layout_basic, kennysheep_another_room,
          chequers_serial_rivers_micro_a, st_stairs_10
D:2:      layout_basic, st_stairs_5, kennysheep_generic_room_7
D:3:      layout_basic, lemuel_crystal_altar, first_ration
D:4:      layout_basic, gammafunk_ghost_grave, minmay_goblin_outpost,
          uniq_menkaure
D:5:      layout_loops_corners, kennysheep_mini, dancing_weapons_uskayaw,
          chequers_temple_overflow_statue_of_worship, serial_shops, shop
D:6:      layout_basic, lemuel_round_altar, basic_altar,
          nicolae_ru_awakened_eye, uniq_maggie
D:7:      cheibrodos_iron_armory, layout_rooms, lemuel_crystal_altar,
          temple_pool_b
D:8:      layout_rooms, lemuel_round_altar, dpeg_oklobed_lair, uniq_maurice,
          uniq_harold, uniq_psyche

Skill      XL: |  1  2  3  4  5  6  7  8  9 |
---------------+----------------------------+-----
Maces & Flails | 3 4 5 6 7 9 10 | 10.8
Fighting       | 5 6 7 9 11 | 11.1
Dodging        | |  2.6

Action                   |  1- 3 |  4- 6 |  7- 9 | 10-12 || total
-------------------------+-------+-------+-------+-------++-------
Melee: Mace              |   128 |   224 |       |       ||   352
       Whip              |       |    12 |   237 |    31 ||   280
       Giant club        |       |       |     6 |       ||     6
 Fire: Hunting sling     |       |       |   107 |       ||   107
Throw: Stone             |       |     7 |       |       ||     7
Invok: Berserk           |     2 |     7 |     9 |     1 ||    19
       Trog's Hand       |       |       |     2 |     1 ||     3
  Use: Scroll            |       |     5 |    10 |       ||    15
       Potion            |       |       |     1 |       ||     1
 Stab: Sleeping          |     1 |     1 |     1 |       ||     3
  Eat: Chunk             |     4 |    19 |    17 |     2 ||    42
       Ration            |       |       |     2 |       ||     2
Armor: Animal skin       |    48 |    50 |    16 |       ||   114
       Steam dragon scal |       |       |    27 |     9 ||    36
Dodge: Dodged            |    84 |   131 |   105 |    18 ||   338
